 Dungeon Crawl Stone Soup version 0.17.1-1-g73c8601 (webtiles) character file.

382 PossumBlood the Skirmisher (level 7, -2/55 HPs)
             Began as a Formicid Fighter on Dec 18, 2015.
             Was an Initiate of Makhleb.
             Killed from afar by Blork the orc (6 damage)
             ... with a puff of frost
             ... on level 4 of the Dungeon.
             The game lasted 00:13:44 (4500 turns).

PossumBlood the Skirmisher (Formicid Fighter)       Turns: 4500, Time: 00:13:44

Health: -2/55      AC:  9    Str: 22    XL:     7   Next: 5%
Magic:  16/16      EV:  9    Int:  8    God:    Makhleb [......]
Gold:   169        SH: 10    Dex: 13    Spells: 0 memorised, 6 levels left

rFire  . . .     SeeInvis +     a - +0 long sword
rCold  . . .     Clarity  .     i - +2 ring mail {rPois}
rNeg   . . .     SustAt   .     c - +0 shield
rPois  +         Gourm    .     (helmet unavailable)
rElec  .         Spirit   .     (no cloak)
rCorr  .         Warding  .     u - +0 pair of gloves {Dex+3}
rMut   .         Stasis   +     (no boots)
MR     .....                    l - amulet of inaccuracy (curse)
Stlth  +.........               (no ring)
                                g - ring of magical power

@: not resistant to hostile enchantments, very unstealthy
A: permanent stasis, dig shafts and tunnels, four strong arms, antennae 3
a: Dig, Shaft Self, Renounce Religion


You were on level 4 of the Dungeon.
You worshipped Makhleb.
Makhleb was noncommittal.
You were not hungry.

You visited 1 branch of the dungeon, and saw 4 of its levels.

You collected 169 gold pieces.

Inventory:

Hand Weapons
 a - a +0 long sword (weapon)
 o - a +0 falchion
 p - a +0 whip of freezing
Missiles
 k - 8 tomahawks of returning (quivered)
Armour
 c - a +0 shield (worn)
 i - a +2 ring mail of poison resistance (worn)
 u - a +0 pair of gloves of dexterity (worn)
Jewellery
 g - a ring of magical power (left hand)
 l - a cursed amulet of inaccuracy (around neck)
Scrolls
 w - a scroll of fear
Potions
 b - 2 potions of curing {unknown}
 f - a potion of brilliance {unknown}
 j - a potion of cure mutation {unknown}
 m - a potion of agility {unknown}
 n - a potion of haste {unknown}
 s - a potion of degeneration {unknown}
 v - a potion of poison {unknown}
Comestibles
 e - 3 bread rations
 q - 2 meat rations
 r - 2 fruits
 t - a beef jerky


   Skills:
 + Level 4.9 Fighting
 * Level 4.9 Long Blades
 - Level 4.3 Armour
 - Level 4.6 Shields


You had 6 spell levels left.
You didn't know any spells.

Dungeon Overview and Level Annotations

Branches:
Dungeon (4/15)             Temple (0/1) D:4

Altars:
Ashenzari
Cheibriados
Makhleb
Ru
Trog
Yredelemnul

Annotations:
D:4 Blork the orc


Innate Abilities, Weirdness & Mutations

You are under a permanent stasis effect.
You can dig through walls and to a lower floor.
Your four strong arms can wield two-handed weapons with a shield.
You have a pair of large antennae on your head (SInv).


Message History

Blork the orc hits you but does no damage.
Blork the orc barely misses you. Blork the orc barely misses you.
You bump into the rock wall.
Blork the orc hits you with a glaive of protection.
* * * LOW HITPOINT WARNING * * *
Blork the orc closely misses you.
Blork the orc casts a cantrip, but nothing happens.
Found a stone staircase leading up.
Found 11 arrows.
You bump into the rock wall.
Blork the orc closely misses you. Blork the orc closely misses you.
You're too confused!
You feel less confused. Blork the orc casts a spell at you.
The magic dart hits you!
* * * LOW HITPOINT WARNING * * *
Blork the orc gestures at you while chanting.
The puff of frost hits you!
You die...

......#.#...#.##..####.#
....###.......##.### .##
#...###.......#....###..####
#.....#.#...#.##.#........<#
......#.......##.####.....###
##.####.......##.####........
...# #.......##.............
#### ######.......o.........
# ######...@#####....... #
#......#.## .(....# #
####.######.# ####### #
##....#...##.#
####..###.......#
.....####......##
....#..........#
....#.........##
...##.........#


You could see Blork the orc.

Vanquished Creatures
  A scorpion (D:4)
  An orc priest (D:4)
  An orc wizard (D:4)
  Natasha (thrice) (D:4)
  2 worker ants
  4 gnolls (D:3)
  6 adders
  3 oozes (D:2)
  3 worms
  3 giant geckos
  7 orcs
  9 bats
  5 giant cockroaches
  2 gnoll zombies (D:2)
  9 hobgoblins
  A jackal (D:2)
  4 kobolds
  5 quokkas
  A ball python (D:4)
  4 giant newts
  5 goblins
  5 rats
84 creatures vanquished.

Notes
Turn   | Place    | Note
--------------------------------------------------------------
     0 | D:1      | PossumBlood the Formicid Fighter began the quest for the Orb.
     0 | D:1      | Reached XP level 1. HP: 18/18 MP: 1/1
    33 | D:1      | Reached XP level 2. HP: 6/24 MP: 2/2
   588 | D:1      | Reached XP level 3. HP: 30/30 MP: 3/3
   919 | D:2      | Reached XP level 4. HP: 37/37 MP: 4/4
  1565 | D:2      | Reached skill level 4 in Fighting
  2195 | D:2      | Reached XP level 5. HP: 29/42 MP: 5/5
  2204 | D:2      | Found a basalt altar of Yredelemnul.
  2885 | D:3      | Found a snail-covered altar of Cheibriados.
  2886 | D:3      | Found a burning altar of Makhleb.
  2890 | D:3      | Found a bloodstained altar of Trog.
  2970 | D:3      | Found a faded altar to an unknown god.
  3332 | D:4      | Reached XP level 6. HP: 49/49 MP: 6/6
  3344 | D:4      | Found a shattered altar of Ashenzari.
  3369 | D:4      | Noticed Natasha
  3376 | D:4      | Killed Natasha
  3424 | D:4      | Noticed Natasha
  3438 | D:4      | Killed Natasha
  3635 | D:4      | Found a sacrificial altar of Ru.
  3720 | D:4      | Reached XP level 7. HP: 19/55 MP: 7/7
  3880 | D:4      | Noticed Natasha
  3905 | D:4      | Killed Natasha
  4193 | D:3      | Became a worshipper of Makhleb the Destroyer
  4410 | D:4      | Found a staircase to the Ecumenical Temple.
  4440 | D:4      | Noticed Blork the orc
  4500 | D:4      | Killed from afar by Blork the orc

Action                   |  1- 3 |  4- 6 |  7- 9 || total
-------------------------+-------+-------+-------++-------
Melee: Long sword        |   102 |   366 |    76 ||   544
  Use: Scroll            |     3 |     4 |       ||     7
       Potion            |     1 |     2 |     1 ||     4
  Eat: Bread ration      |       |     3 |       ||     3
